 Dungeon Crawl Stone Soup version 0.20.1-1-g8b1a95d (webtiles) character file.

1023 Gargoyl the Skirmisher (level 8, 0/94 HPs)
             Began as a Minotaur Abyssal Knight on Aug 17, 2017.
             Was a Believer of Lugonu.
             Succumbed to a worker ant's poison
             ... on level 4 of the Dungeon.
             The game lasted 00:07:06 (3278 turns).

Gargoyl the Skirmisher (Minotaur Abyssal Knight)    Turns: 3278, Time: 00:07:07

Health: 0/94       AC: 24    Str: 16 (17) XL:     8   Next: 2%
Magic:  9/9        EV:  2    Int: 14      God:    Lugonu [**....]
Gold:   177        SH:  0    Dex: 10 (12) Spells: 7/7 levels left

rFire    . . .     SeeInvis +   d - +3 flail "Wuplaif" {crush, -Tele rN+ Int+7 SInv}
rCold    . . .     Gourm    +   (no shield)
rNeg     + + +     Faith    .   (armour currently unavailable)
rPois    +         Spirit   .   (helmet currently unavailable)
rElec    .         Reflect  .   (cloak currently unavailable)
rCorr    .         Harm     .   (gloves currently unavailable)
MR       .....     NoTele   +   (boots currently unavailable)
Stlth    +.........             j - amulet of the gourmand
Regen    0.3/turn               (no ring)
MPRegen  0.2/turn               (no ring)

@: lethally poisoned (0 -> -6), tree-form
A: (retaliatory headbutt), dopey 1, frail 1
a: Depart the Abyss, Bend Space, Renounce Religion


You were on level 4 of the Dungeon.
You worshipped Lugonu.
Lugonu was pleased with you.
You were very full.
You were a tree.
You visited 1 branch of the dungeon, and saw 4 of its levels.
You visited the Abyss 1 time.

You collected 177 gold pieces.

Inventory:

Hand Weapons
 a - a +1 hand axe
 d - the +3 flail "Wuplaif" (weapon) {crush, -Tele rN+ Int+7 SInv}
   (You found it on level 2 of the Abyss)

   It inflicts extra damage upon your enemies.
   It affects your intelligence (+7).
   It protects you from negative energy.
   It lets you see invisible.
   It prevents most forms of teleportation.
 q - a +0 war axe
Armour
 g - a +1 cloak (melded)
 m - a +0 scale mail (melded)
Jewellery
 j - an amulet of the gourmand (around neck)
 r - an uncursed ring of flight {unknown}
Scrolls
 e - 2 scrolls of identify
 k - 3 scrolls of fear
 o - 2 scrolls of remove curse {unknown}
Potions
 i - a potion of flight
 l - a potion of might
Comestibles
 c - 4 bread rations
 f - 3 royal jellies
 h - 2 meat rations
 s - a fruit


   Skills:
 + Level 6.8 Fighting
 + Level 3.4(4.9) Axes
 + Level 5.4(5.9) Maces & Flails
 * Level 5.3 Armour
 + Level 3.4 Dodging
 * Level 3.5 Invocations


You had 7 spell levels left.
You didn't know any spells.

Dungeon Overview and Level Annotations

Branches:
Dungeon (4/15)
 Temple: D:4-7

Altars:
Nemelex Xobeh
Xom


Innate Abilities, Weirdness & Mutations

((You reflexively headbutt those who attack you in melee.))
((You have a pair of horns on your head.))
You are dopey. (Int -2)
You are frail. (-10% HP)


Message History

The worker ant bites you but does no damage.
The gnoll hits you but does no damage.
It was a potion of cancellation.
Your magical effects are unravelling.
You feel magically purged.
You feel a little less mighty now.
* * * LOW HITPOINT WARNING * * *
You feel sick. The worker ant closely misses you.
The gnoll hits you but does no damage.
Your scale mail prevents you from hitting the worker ant.
The worker ant is almost dead.
* * * LOW HITPOINT WARNING * * *
You feel sick.
The worker ant bites you but does no damage.
The gnoll closely misses you.
The worker ant bites you but does no damage.
You turn into a tree.
Your +1 cloak melds into your body.
Your +0 scale mail melds into your body.
Your roots penetrate the ground.
You die...

... ##>## ..
#......#########.
####...............##
#...................#
#...................###
#.....................#
##......................
.......)..........>.....
##....)♣g...............
#.....a.............##).
..............#####.....
............!.# ####..
#.............# #....
...............#
#....#.. ..#...........#
#.#####.
..##..........##. #. .#.
##.........# #.


You could see a worker ant and a gnoll.

Vanquished Creatures
  A shining eye (Abyss:2)
  2 crimson imps (D:3)
  A quasit (Abyss:2)
  2 orc wizards (D:2)
  Crazy Yiuf (D:2)
  4 orc priests
  2 centaur skeletons (D:4)
  Terence (D:3)
  2 worker ants (D:4)
  6 adders
  7 gnolls
  An ooze (D:3)
  2 worms
  A leopard gecko (D:3)
  19 orcs
  A ball python (D:3)
  5 bats
  4 giant cockroaches
  5 goblins
  3 hobgoblins
  10 jackals
  2 quokkas
  4 frilled lizards
  5 kobolds
  3 rats
94 creatures vanquished.

Notes
Turn   | Place    | Note
-------+----------+-------------------------------------------
     0 | Abyss:1  | Gargoyl the Minotaur Abyssal Knight began the quest for the Orb.
     0 | Abyss:1  | Reached XP level 1. HP: 19/19 MP: 1/1
    92 | Abyss:1  | Noticed a small abomination
    93 | Abyss:1  | Noticed a small abomination
   105 | Abyss:2  | Got a jewelled flail
   106 | Abyss:2  | Identified the +3 flail "Wuplaif" {crush, -Tele rN+ Int+7 SInv} (You found it on level 2 of the Abyss)
   119 | Abyss:2  | Noticed a shining eye
   123 | Abyss:2  | Gained mutation: You are frail. (-10% HP) [a shining eye]
   127 | Abyss:2  | Noticed a quasit
   137 | Abyss:2  | Killed a quasit
   137 | Abyss:2  | Reached skill level 4 in Fighting
   137 | Abyss:2  | Reached skill level 1 in Maces & Flails
   137 | Abyss:2  | Reached XP level 2. HP: 14/24 MP: 2/2
   137 | Abyss:2  | Reached XP level 3. HP: 17/29 MP: 3/3
   138 | Abyss:2  | Gained mutation: You are dopey. (Int -2) [a shining eye]
   140 | Abyss:2  | Killed a shining eye
   140 | Abyss:2  | Reached skill level 6 in Fighting
   140 | Abyss:2  | Reached XP level 4. HP: 23/39 MP: 4/4
   140 | Abyss:2  | Reached XP level 5. HP: 27/45 MP: 5/5
   140 | Abyss:2  | Reached XP level 6. HP: 31/51 MP: 6/6
   177 | Abyss:2  | Found a blossoming altar of Fedhas.
   224 | Abyss:2  | Noticed a large abomination
   225 | D:1      | Escaped the Abyss
   479 | D:1      | Reached * piety under Lugonu
  1056 | D:2      | Found a sparkling altar of Nemelex Xobeh.
  1056 | D:2      | Found a shimmering altar of Xom.
  1078 | D:2      | Found a runed door.
  1518 | D:2      | Noticed Crazy Yiuf
  1525 | D:2      | Killed Crazy Yiuf
  1771 | D:2      | Reached XP level 7. HP: 44/57 MP: 8/8
  1981 | D:3      | Noticed Terence
  1985 | D:3      | Killed Terence
  2149 | D:3      | Reached ** piety under Lugonu
  2746 | D:4      | Reached skill level 5 in Armour
  2862 | D:4      | HP: 3/85 [orc priest/divine providence (12)]
  2873 | D:4      | Reached skill level 5 in Maces & Flails
  2874 | D:4      | HP: 1/57 [orc/mace (2)]
  3267 | D:4      | Reached XP level 8. HP: 50/63 MP: 9/9
  3274 | D:4      | HP: 3/63 [gnoll/spear (4)]
  3277 | D:4      | HP: 1/63 [poisoned by a worker ant]
  3278 | D:4      | Succumbed to a worker ant's poison

Skill      XL: |  1  2  3  4  5  6  7 |
---------------+----------------------+-----
Fighting       | 4 6 |  6.8
Maces & Flails | 1 3 5 |  5.4
Axes           | 3 |  3.4
Armour         | 3 4 5 |  5.3
Dodging        | 2 3 |  3.4
Invocations    | 2 3 |  3.5

Action                   |  1- 3 |  4- 6 |  7- 9 || total
-------------------------+-------+-------+-------++-------
Melee: Flail             |    17 |    54 |   137 ||   208
       Headbutt          |     4 |     6 |    14 ||    24
Invok: Depart the Abyss  |       |     1 |       ||     1
       Bend Space        |       |       |     1 ||     1
  Use: Scroll            |     1 |     7 |     3 ||    11
       Potion            |       |     2 |     9 ||    11
  Eat: Chunk             |       |     1 |    14 ||    15
Armor: Leather armour    |    16 |     3 |       ||    19
       Ring mail         |       |    16 |     3 ||    19
       Scale mail        |       |       |    74 ||    74
       Skin              |       |       |    67 ||    67
Dodge: Dodged            |    15 |    42 |   135 ||   192
